[ AOE2 MATCH · #489000695 ]
UnrankedBurgundians vs Georgians
Rival team · LOSS
[ REPLAY ANALYSIS · EXTRACTED FROM THE RECORDED GAME ]
Feudal
9:17
Castle
19:51
Imperial
36:14
| APM avg | 66.9 |
| APM peak | 124 |
| eAPM avg | 33.0 |
| Villagers / military | 175 / 305 |
Focus
⚔️ 56.5% · 🌾 43.5%
Knight ×109 · Skirmisher ×93 · Spearman ×60 · Archer ×27 · Trebuchet (Packed) ×7 · Mangonel ×6
Feudal
8:27
Castle
19:19
Imperial
37:26
| APM avg | 69.4 |
| APM peak | 153 |
| eAPM avg | 37.7 |
| Villagers / military | 238 / 237 |
Focus
⚔️ 50.1% · 🌾 49.9%
Cavalry Archer ×101 · Scout Cavalry ×94 · Skirmisher ×24 · Mangonel ×9 · Archer ×6 · Trebuchet (Packed) ×2
Match map
Initial resources + every placement click. Lines = walls · curves = elevation contours. ◆ gold · ⬟ stone · ● berries · ✦ relic · ◌ wall gap
Your base· ✓ Closed at 19:51 · 35t walls · 2 gate(s)
Deaf Vader's base· ✓ Closed at 19:19 · 19t walls · no gate
Smoothed initial terrain · ◌ = detected wall gap · hover for details
Inputs per minute
— Champi Warrior - - Deaf Vader
Build order — Champi Warrior
First 150 of 779 actions detected
| 0:01 | Create | Villager (Male) |
| 0:01 | Create | Villager (Male) |
| 0:01 | Create | Villager (Male) |
| 0:01 | Create | Villager (Male) |
| 0:02 | Create | Villager (Male) |
| 0:02 | Build | House |
| 0:03 | Build | House |
| 1:33 | Create | Villager (Male) |
| 2:00 | Create | Villager (Male) |
| 2:00 | Create | Villager (Male) |
| 2:22 | Build | Lumber Camp |
| 2:28 | Create | Villager (Male) |
| 2:40 | Create | Villager (Male) |
| 2:40 | Create | Villager (Male) |
| 3:12 | Create | Villager (Male) |
| 3:21 | Research | Double-Bit Axe |
| 3:21 | Research | Double-Bit Axe |
| 3:40 | Create | Villager (Male) |
| 3:41 | Create | Villager (Male) |
| 4:04 | Build | House |
| 4:27 | Create | Villager (Male) |
| 4:28 | Create | Villager (Male) |
| 5:17 | Create | Villager (Male) |
| 5:34 | Build | House |
| 5:42 | Create | Villager (Male) |
| 6:08 | Build | Barracks |
| 6:11 | Create | Villager (Male) |
| 6:23 | Create | Villager (Male) |
| 7:07 | Research | Feudal Age |
| 7:07 | Research | Feudal Age |
| 7:30 | Build | Mining Camp |
| 7:59 | Research | Loom |
| 8:19 | Build | House |
| 8:43 | Build | Mill |
| 9:17 | Age | Feudal Age |
| 9:19 | Build | Archery Range |
| 9:24 | Create | Flemish Militia |
| 9:24 | Create | Flemish Militia |
| 9:30 | Create | Villager (Male) |
| 9:50 | Create | Villager (Male) |
| 9:53 | Build | House |
| 9:59 | Create | Archer |
| 10:00 | Create | Villager (Male) |
| 10:04 | Research | Horse Collar |
| 10:07 | Create | Archer |
| 10:12 | Build | Farm |
| 10:19 | Create | Archer |
| 10:23 | Create | Spearman |
| 10:24 | Build | House |
| 10:30 | Create | Villager (Male) |
| 10:32 | Build | Farm |
| 10:43 | Create | Spearman |
| 10:47 | Create | Archer |
| 10:48 | Build | Palisade Wall |
| 11:09 | Create | Villager (Male) |
| 11:11 | Build | Farm |
| 11:13 | Create | Spearman |
| 11:21 | Build | House |
| 11:31 | Create | Archer |
| 11:37 | Build | Farm |
| 11:46 | Create | Villager (Male) |
| 11:49 | Build | House |
| 12:11 | Create | Villager (Male) |
| 12:14 | Build | Farm |
| 12:19 | Build | Palisade Wall |
| 12:23 | Create | Archer |
| 12:34 | Build | Farm |
| 12:36 | Build | Palisade Wall |
| 12:38 | Build | Farm |
| 12:42 | Create | Archer |
| 12:46 | Build | Palisade Wall |
| 12:47 | Build | Palisade Wall |
| 12:54 | Create | Villager (Male) |
| 12:54 | Create | Villager (Male) |
| 12:58 | Build | Farm |
| 13:10 | Build | Palisade Wall |
| 13:14 | Create | Archer |
| 13:19 | Build | Farm |
| 13:33 | Build | Palisade Wall |
| 13:37 | Create | Archer |
| 13:38 | Create | Villager (Male) |
| 14:06 | Create | Villager (Male) |
| 14:08 | Build | Blacksmith |
| 14:26 | Create | Villager (Male) |
| 14:29 | Build | Farm |
| 14:35 | Build | Palisade Wall |
| 14:38 | Create | Villager (Male) |
| 14:43 | Build | Farm |
| 15:14 | Build | Farm |
| 15:16 | Create | Villager (Male) |
| 15:27 | Build | Palisade Wall |
| 15:32 | Build | Palisade Wall |
| 15:34 | Build | Palisade Wall |
| 15:36 | Build | Palisade Wall |
| 15:39 | Build | Palisade Wall |
| 15:40 | Create | Villager (Male) |
| 16:01 | Build | House |
| 16:04 | Build | Archery Range |
| 16:18 | Create | Villager (Male) |
| 16:49 | Create | Archer |
| 16:50 | Create | Archer |
| 16:50 | Create | Archer |
| 17:11 | Research | Castle Age |
| 17:11 | Research | Castle Age |
| 17:19 | Build | Lumber Camp |
| 17:25 | Create | Archer |
| 17:25 | Create | Archer |
| 17:28 | Build | House |
| 17:39 | Build | Palisade Wall |
| 17:45 | Build | Palisade Wall |
| 17:49 | Build | Palisade Gate |
| 17:53 | Build | Palisade Gate |
| 18:01 | Create | Archer |
| 18:05 | Research | Fletching |
| 18:05 | Research | Fletching |
| 18:27 | Research | Bow Saw |
| 18:27 | Research | Bow Saw |
| 18:32 | Create | Archer |
| 18:32 | Create | Archer |
| 18:42 | Build | House |
| 18:50 | Create | Archer |
| 18:54 | Build | Farm |
| 19:34 | Create | Villager (Male) |
| 19:42 | Research | Gold Mining |
| 19:42 | Research | Gold Mining |
| 19:48 | Create | Archer |
| 19:48 | Create | Archer |
| 19:51 | Age | Castle Age |
| 19:53 | Research | Crossbowman (upgrade) |
| 19:56 | Research | Bodkin Arrow |
| 19:56 | Research | Bodkin Arrow |
| 19:59 | Build | Siege Workshop |
| 20:12 | Create | Villager (Male) |
| 20:12 | Create | Villager (Male) |
| 20:17 | Build | House |
| 20:18 | Build | House |
| 20:19 | Build | House |
| 20:20 | Create | Archer |
| 20:34 | Build | Palisade Gate |
| 20:40 | Create | Villager (Male) |
| 20:46 | Create | Mangonel |
| 20:54 | Create | Villager (Male) |
| 21:05 | Create | Villager (Male) |
| 21:09 | Research | Padded Archer Armor |
| 21:37 | Create | Villager (Male) |
| 21:39 | Create | Mangonel |
| 22:03 | Create | Villager (Male) |
| 22:18 | Build | Town Center |
| 22:28 | Create | Villager (Male) |
| 22:30 | Create | Villager (Male) |
Build order — Deaf Vader
First 150 of 635 actions detected
| 0:01 | Create | Villager (Male) ×4 |
| 0:02 | Build | House |
| 0:03 | Build | House |
| 1:13 | Create | Villager (Male) |
| 1:56 | Create | Villager (Male) |
| 1:56 | Create | Villager (Male) |
| 2:18 | Create | Villager (Male) |
| 2:53 | Create | Villager (Male) |
| 2:53 | Create | Villager (Male) |
| 3:34 | Create | Villager (Male) |
| 3:34 | Create | Villager (Male) |
| 3:49 | Build | House |
| 4:22 | Create | Villager (Male) |
| 4:23 | Create | Villager (Male) |
| 4:23 | Create | Villager (Male) |
| 4:31 | Build | Mill |
| 5:02 | Create | Villager (Male) |
| 5:52 | Research | Loom |
| 6:03 | Build | Barracks |
| 6:08 | Research | Feudal Age |
| 6:42 | Build | House |
| 8:11 | Build | Palisade Wall |
| 8:15 | Create | Villager (Male) |
| 8:27 | Age | Feudal Age |
| 8:29 | Build | Stable |
| 8:32 | Research | Double-Bit Axe |
| 8:45 | Create | Villager (Male) |
| 9:07 | Research | Horse Collar |
| 9:07 | Create | Villager (Male) |
| 9:11 | Create | Scout Cavalry |
| 9:11 | Create | Scout Cavalry |
| 9:11 | Create | Scout Cavalry |
| 9:12 | Build | Farm |
| 9:14 | Build | Farm |
| 9:33 | Create | Scout Cavalry |
| 9:36 | Create | Villager (Male) |
| 9:39 | Build | House |
| 9:40 | Build | Palisade Wall |
| 10:03 | Create | Villager (Male) |
| 10:09 | Build | Farm |
| 10:33 | Create | Villager (Male) |
| 10:36 | Build | Palisade Wall |
| 10:37 | Build | Palisade Wall |
| 10:47 | Create | Villager (Male) |
| 10:49 | Build | Farm |
| 10:50 | Build | Farm |
| 10:54 | Build | House |
| 10:59 | Create | Villager (Male) |
| 11:02 | Build | Farm |
| 11:17 | Build | Palisade Wall |
| 11:41 | Create | Villager (Male) |
| 11:58 | Build | Archery Range |
| 12:03 | Create | Villager (Male) |
| 12:13 | Build | House |
| 12:13 | Create | Villager (Male) |
| 12:22 | Build | Mule Cart |
| 12:41 | Create | Archer |
| 12:41 | Create | Archer |
| 12:48 | Build | Farm |
| 12:52 | Build | Farm |
| 12:57 | Create | Villager (Male) |
| 13:10 | Create | Skirmisher |
| 13:15 | Create | Villager (Male) |
| 13:29 | Build | Farm |
| 13:35 | Create | Villager (Male) |
| 13:38 | Create | Skirmisher |
| 13:47 | Create | Villager (Male) |
| 13:50 | Build | Farm |
| 13:52 | Build | Farm |
| 14:00 | Build | House |
| 14:13 | Create | Archer |
| 14:24 | Build | Farm |
| 14:25 | Create | Villager (Male) |
| 14:31 | Create | Skirmisher |
| 14:44 | Build | Farm |
| 15:00 | Create | Villager (Male) |
| 15:09 | Build | Farm |
| 15:16 | Create | Skirmisher |
| 15:21 | Build | House |
| 15:38 | Create | Villager (Male) |
| 15:40 | Build | Farm |
| 15:48 | Create | Archer |
| 15:59 | Create | Villager (Male) |
| 16:01 | Build | Farm |
| 16:25 | Build | Mule Cart |
| 16:39 | Research | Castle Age |
| 16:39 | Research | Castle Age |
| 16:46 | Create | Archer |
| 16:46 | Create | Archer |
| 17:27 | Build | Blacksmith |
| 17:35 | Create | Skirmisher |
| 17:35 | Create | Skirmisher |
| 17:43 | Research | Horse Collar |
| 17:43 | Research | Horse Collar |
| 18:07 | Build | House |
| 18:09 | Build | House |
| 18:13 | Research | Fletching |
| 18:13 | Research | Fletching |
| 18:37 | Create | Skirmisher |
| 18:55 | Research | Padded Archer Armor |
| 19:19 | Age | Castle Age |
| 19:22 | Research | Bodkin Arrow |
| 19:22 | Create | Villager (Male) |
| 19:45 | Build | Town Center |
| 19:48 | Create | Villager (Male) |
| 19:49 | Research | Bow Saw |
| 19:49 | Research | Bow Saw |
| 20:07 | Create | Villager (Male) |
| 20:31 | Create | Villager (Male) |
| 20:38 | Research | Elite Skirmisher (upgrade) |
| 20:38 | Research | Elite Skirmisher (upgrade) |
| 20:57 | Create | Villager (Male) |
| 21:01 | Research | Wheelbarrow |
| 21:01 | Research | Wheelbarrow |
| 21:11 | Build | House |
| 21:29 | Create | Villager (Male) |
| 21:29 | Create | Villager (Male) |
| 21:29 | Create | Villager (Male) |
| 21:38 | Research | Leather Archer Armor |
| 21:39 | Research | Leather Archer Armor |
| 21:42 | Create | Villager (Male) |
| 21:42 | Create | Villager (Male) |
| 21:44 | Create | Skirmisher |
| 21:44 | Create | Skirmisher |
| 21:46 | Build | Archery Range |
| 22:24 | Build | Town Center |
| 22:30 | Create | Skirmisher |
| 22:31 | Create | Skirmisher |
| 22:31 | Create | Skirmisher |
| 22:33 | Create | Villager (Male) |
| 22:33 | Create | Villager (Male) |
| 22:51 | Create | Villager (Male) |
| 23:00 | Create | Villager (Male) |
| 23:04 | Build | Monastery |
| 23:29 | Create | Villager (Male) |
| 23:29 | Create | Villager (Male) |
| 23:38 | Create | Villager (Male) |
| 23:39 | Create | Villager (Male) |
| 23:52 | Build | Siege Workshop |
| 23:56 | Create | Villager (Male) |
| 23:56 | Create | Villager (Male) |
| 24:04 | Build | Farm |
| 24:07 | Create | Skirmisher |
| 24:07 | Create | Skirmisher |
| 24:14 | Create | Villager (Male) |
| 24:14 | Create | Villager (Male) |
| 24:25 | Create | Villager (Male) |
| 24:31 | Create | Mangonel |
| 24:31 | Create | Mangonel |
| 24:37 | Create | Villager (Male) |
Match timeline
| 6:03 | Deaf Vader · first_building Barracks |
| 6:08 | Champi Warrior · first_building Barracks |
| 8:11 | Deaf Vader · wall_segment Palisade Wall x2 |
| 8:27 | Deaf Vader · age_up feudal |
| 8:29 | Deaf Vader · first_building Stable |
| 9:17 | Champi Warrior · age_up feudal |
| 9:19 | Champi Warrior · first_building Archery Range |
| 9:40 | Deaf Vader · wall_segment Palisade Wall x6 |
| 10:36 | Deaf Vader · wall_segment Palisade Wall x4 |
| 10:37 | Deaf Vader · wall_segment Palisade Wall x7 |
| 10:48 | Champi Warrior · wall_segment Palisade Wall x3 |
| 11:17 | Deaf Vader · wall_segment Palisade Wall x1 |
| 11:58 | Deaf Vader · first_building Archery Range |
| 12:19 | Champi Warrior · wall_segment Palisade Wall x4 |
| 12:36 | Champi Warrior · wall_segment Palisade Wall x1 |
| 12:46 | Champi Warrior · wall_segment Palisade Wall x1 |
| 12:47 | Champi Warrior · wall_segment Palisade Wall x2 |
| 13:10 | Champi Warrior · wall_segment Palisade Wall x1 |
| 13:33 | Champi Warrior · wall_segment Palisade Wall x8 |
| 14:35 | Champi Warrior · wall_segment Palisade Wall x8 |
| 15:27 | Champi Warrior · wall_segment Palisade Wall x1 |
| 15:32 | Champi Warrior · wall_segment Palisade Wall x1 |
| 15:34 | Champi Warrior · wall_segment Palisade Wall x1 |
| 15:36 | Champi Warrior · wall_segment Palisade Wall x1 |
| 15:39 | Champi Warrior · wall_segment Palisade Wall x1 |
| 17:39 | Champi Warrior · wall_segment Palisade Wall x1 |
| 17:45 | Champi Warrior · wall_segment Palisade Wall x1 |
| 19:19 | Deaf Vader · age_up castle |
| 19:51 | Champi Warrior · age_up castle |
| 19:59 | Champi Warrior · first_building Siege Workshop |
| 23:04 | Deaf Vader · first_building Monastery |
| 23:52 | Deaf Vader · first_building Siege Workshop |
| 27:17 | Champi Warrior · first_building Stable |
| 28:32 | Champi Warrior · first_building Monastery |
| 36:14 | Champi Warrior · age_up imperial |
| 37:26 | Deaf Vader · age_up imperial |
| 38:57 | Deaf Vader · first_building Castle |
| 39:12 | Champi Warrior · first_market_buy 100 stone |
| 39:18 | Champi Warrior · first_building Castle |
| 40:21 | Champi Warrior · first_market_sell 100 wood |
| 41:05 | Deaf Vader · first_market_sell 100 wood |
| 54:15 | Deaf Vader · resign |
[ AI ANALYSIS · 1 CREDIT ]
What really happened in this match?
Wolo.gg analyzes every decision: build order, eco, micro, common mistakes by bracket. Personalized analysis on WhatsApp or Discord in 30 seconds.
Civ guide
Burgundians
Perfil
Jugador #4358030